Map: [ESL] Alcyone

Players

ByuN - Winner!

  • Race: Terran Terran
  • Spawn Location: 1:00

HeroMarine

  • Race: Terran Terran
  • Spawn Location: 7:00

Event: ESL Spring 2024 Finals

VOD

Have the link to the VOD?

Description

Time

  • Played on: June 1, 2024, 2:55 p.m.
  • Length: 14:34

All games in this series

Show
View Real Time Build Order
Export as new Build Order

ByuN Terran - Winner!

Build Orders: Cyclone Opening, Gas First Reaper Expand 

Get SALT Encoding   

  12  0:00  SCV  
  13  0:12  SCV  
  14  0:17  Supply Depot  
  14  0:24  SCV  
  14  0:28  Refinery  
  15  0:38  SCV  
  16  0:44  Barracks  
  16  0:51  SCV  
  17  1:03  SCV  
  18  1:15  SCV  
  19  1:30  Reaper  
  19  1:31  Orbital Command  
  20  1:42  Command Center  
  20  1:51  Factory  
  20  1:56  SCV  
  21  2:03  Supply Depot  
  21  2:05  Marine  
  23  2:08  SCV  
  23  2:13  Refinery  
  23  2:24  Marine  
  23  2:25  SCV  
  25  2:35  Hellion  
  27  2:37  SCV, Starport  
  27  2:43  Barracks Reactor  
  28  2:49  SCV  
  29  2:54  Orbital Command  
  29  2:59  Cyclone  
  29  3:01  SCV  
  32  3:08  Refinery  
  32  3:13  SCV, Medivac  
  32  3:19  SCV, Marine  
  36  3:20  Marine  
  36  3:25  SCV  
  39  3:30  Supply Depot  
  38  3:38  SCV  
  38  3:41  SCV, Marine  
  36  3:42  Marine, Factory Tech Lab  
  36  3:44  Cyclone  
  36  3:46  Liberator  
  41  3:50  SCV  
  42  3:59  Marine x2  
  42  4:00  SCV  
  45  4:04  SCV  
  46  4:12  Supply Depot, SCV  
  46  4:16  SCV  
  48  4:17  Marine x2  
  48  4:18  Factory Tech Lab  
  48  4:21  Supply Depot  
  50  4:24  SCV  
  50  4:28  SCV  
  50  4:30  Starport Tech Lab  
  51  4:35  Marine x2  
  51  4:36  SCV  
  54  4:40  SCV  
  54  4:48  SCV  
  54  4:52  SCV  
  53  4:55  Marine  
  53  4:56  Marine  
  53  4:58  Raven, Siege Tank  
  60  5:01  SCV  
  60  5:04  SCV  
  62  5:08  Interference Matrix  
  62  5:18  Marine x2  
  62  5:19  Supply Depot, SCV x2  
  66  5:25  Command Center  
  66  5:31  SCV x2  
  66  5:32  Raven  
  66  5:34  Supply Depot  
  70  5:40  Marine x2  
  72  5:43  SCV x2  
  74  5:55  Siege Tank  
  76  6:00  Engineering Bay x2  
  76  6:02  SCV x2  
  76  6:14  SCV x2, Barracks  
  76  6:15  Starport Reactor  
  76  6:16  Barracks  
  78  6:21  Refinery  
  78  6:22  Marine  
  78  6:23  Stimpack  
  78  6:24  Bunker  
  79  6:29  Siege Tank  
  82  6:39  Orbital Command  
  82  6:40  Supply Depot x2  
  82  6:44  SCV x2  
  84  6:49  Barracks  
  84  6:50  Marine, Barracks  
  85  6:55  Terran Infantry Weapons Level 1  
  85  6:56  Terran Infantry Armor Level 1  
  85  6:57  Starport Reactor  
  85  7:01  Siege Tank, Marine  
  85  7:02  Marine  
  85  7:06  Orbital Command  
  90  7:11  SCV x2  
  90  7:15  Marine x3  
  93  7:23  SCV x2, Marine x2  
  96  7:32  SCV  
  96  7:33  Siege Tank, Marine x3  
  96  7:35  SCV  
  96  7:36  SCV  
  102  7:39  Barracks Reactor x2  
  102  7:41  Marine x2  
  98  7:44  SCV  
  98  7:47  SCV  
  98  7:49  Armory  
  98  7:50  Marine  
  100  7:54  SCV  
  100  7:55  Sensor Tower  
  100  7:57  SCV  
  102  8:00  SCV  
  102  8:04  Marine x2  
  102  8:05  Siege Tank, Marine x2  
  107  8:08  Supply Depot  
  107  8:10  Medivac x2  
  107  8:11  Combat Shield  
  114  8:13  SCV x3  
  114  8:18  Supply Depot  
  117  8:25  Marine x6  
  123  8:28  Marine x2  
  125  8:34  SCV x3  
  125  8:37  Marine  
  125  8:38  Missile Turret  
  125  8:39  Siege Tank  
  125  8:40  Command Center  
  132  8:41  Supply Depot x2, Terran Vehicle Weapons Level 1  
  132  8:43  Marine  
  133  8:49  Medivac x2  
  133  8:50  Marine x4  
  141  8:56  Marine x3  
  141  8:58  SCV x2  
  141  8:59  SCV  
  141  9:00  Supply Depot  
  147  9:03  Marine  
  147  9:04  Marine, Refinery x2  
  147  9:08  Marine  
  150  9:11  Factory  
  150  9:13  Supply Depot  
  150  9:14  Marine  
  150  9:15  Marine x4  
  155  9:19  Marine  
  155  9:22  Terran Infantry Armor Level 2  
  156  9:25  Marine x2  
  156  9:29  Siege Tank  
  156  9:30  SCV x3  
  163  9:43  Marine x5  
  163  9:44  Barracks Reactor  
  165  9:47  Marine x2  
  165  9:48  Marine  
  168  9:55  Terran Infantry Weapons Level 2  
  168  9:56  Barracks x2  
  168  9:57  Supply Depot  
  168  9:58  Barracks  
  168  9:59  SCV x3  
  171  10:01  Planetary Fortress  
  171  10:10  Siege Tank x2  
  171  10:11  Medivac  
  171  10:14  Medivac  
  181  10:18  Marine x2  
  181  10:19  Marine x3  
  181  10:20  Marine  
  187  10:22  Marine  
  187  10:23  Marine  
  187  10:24  Marine  
  187  10:27  Marine  
  191  10:36  Marine  
  191  10:41  Marine x4  
  196  10:45  Supply Depot  
  196  10:46  Barracks Reactor x3  
  196  10:51  Missile Turret  
  196  10:52  Missile Turret  
  196  11:00  Command Center  
  196  11:06  Marine x4  
  196  11:09  Marine  
  199  11:19  Marine, Command Center  
  199  11:20  Marine x2  
  199  11:23  Siege Tank x2  
  199  11:24  Marine  
  198  11:32  Marine  
  167  11:33  Marine x10  
  167  11:37  Marine x2  
  167  11:39  Marine x2  
  176  11:41  Marine  
  176  11:45  Medivac  
  176  11:46  Medivac  
  178  11:50  Marine  
  178  11:51  Marine x7  
  186  11:55  Siege Tank x2  
  185  12:04  Marine  
  185  12:05  Marine x7  
  185  12:08  Marine  
  189  12:09  Marine x7  
  192  12:22  Marine x5  
  157  12:23  Marine x3  
  157  12:26  Marine x2  
  157  12:27  Siege Tank x2, Marine x2  
  157  12:29  Marine  
  164  12:30  Marine x2  
  164  12:31  Marine  
  164  12:36  Orbital Command  
  159  12:40  Marine x4  
  159  12:42  Marine  
  159  12:43  Marine  
  165  12:44  Medivac x2  
  169  12:51  Marine  
  169  12:54  Marine x2  
  168  12:59  Siege Tank x2, Marine x3  
  168  13:02  Marine  
  175  13:07  Marine  
  175  13:08  Marine  
  175  13:09  Marine  
  175  13:10  Marine x5  
  181  13:17  Marine x2  
  180  13:26  Marine  
  181  13:28  Marine x2  
  181  13:29  Marine x3  
  181  13:30  Marine x8  
  181  13:31  Siege Tank  
  181  13:32  Siege Tank  
  193  13:35  Marine x2  
  191  13:43  Marine  
  191  13:45  Marine  
  191  13:47  Marine  
  194  13:49  Marine  
  194  13:52  Marine  
  188  13:56  Marine  
  188  13:57  Marine  
  188  13:58  Marine  
  188  14:00  Marine  
  188  14:01  Marine x7  
  176  14:02  Marine  
  176  14:03  Marine  
  176  14:05  Marine  
  176  14:07  Marine  
  179  14:10  Marine  
  179  14:14  Marine x2  
Show
View Real Time Build Order
Export as new Build Order

HeroMarine Terran 

Build Orders:  

Get SALT Encoding   

  12  0:00  SCV  
  13  0:12  SCV  
  14  0:16  Supply Depot  
  14  0:24  SCV  
  15  0:38  SCV  
  15  0:40  Barracks  
  16  0:42  Refinery  
  16  0:50  SCV  
  16  0:54  Refinery  
  17  1:02  SCV  
  18  1:14  SCV  
  19  1:27  Orbital Command, Barracks Reactor  
  19  1:28  Supply Depot  
  19  1:40  Factory  
  19  1:52  SCV  
  20  2:04  SCV, Reaper x2  
  23  2:16  SCV  
  24  2:24  Hellion  
  24  2:28  SCV  
  27  2:31  Command Center  
  27  2:36  Reaper x2  
  29  2:40  Supply Depot  
  29  2:45  Hellion  
  31  2:55  Starport  
  31  3:01  SCV  
  32  3:07  Hellion  
  32  3:08  Reaper x2  
  36  3:13  SCV  
  37  3:25  SCV  
  38  3:34  Cyclone  
  38  3:35  Refinery  
  38  3:40  SCV, Marine  
  35  3:44  Medivac  
  35  3:46  Orbital Command  
  35  3:47  Marine  
  37  3:52  SCV  
  38  3:58  Marine  
  39  4:04  Marine  
  39  4:05  SCV  
  41  4:10  Factory Tech Lab  
  41  4:12  SCV  
  41  4:15  Starport Tech Lab  
  41  4:16  Marine  
  43  4:17  SCV  
  43  4:22  Marine  
  43  4:23  Supply Depot  
  46  4:24  SCV  
  46  4:28  Siege Tank  
  46  4:29  SCV  
  50  4:36  SCV  
  51  4:41  SCV, Marine x2  
  54  4:48  Raven, SCV  
  55  4:54  SCV  
  55  4:55  Supply Depot  
  55  4:59  Marine x2  
  58  5:00  SCV, Siege Tank  
  62  5:09  SCV  
  62  5:16  SCV  
  62  5:18  Marine x2  
  62  5:19  Command Center  
  62  5:21  SCV  
  66  5:22  Raven  
  66  5:26  Interference Matrix  
  68  5:29  SCV  
  68  5:33  SCV  
  70  5:36  Marine x2  
  70  5:37  Siege Tank  
  70  5:41  SCV  
  76  5:45  SCV  
  78  6:02  Refinery  
  78  6:03  Raven  
  78  6:04  SCV  
  78  6:07  Barracks  
  78  6:09  Barracks  
  78  6:11  SCV  
  78  6:16  SCV  
  80  6:19  Siege Tank  
  80  6:23  SCV  
  80  6:24  Engineering Bay x2  
  86  6:30  SCV  
  87  6:33  Supply Depot  
  87  6:35  SCV  
  86  6:42  SCV  
  87  6:48  SCV  
  87  6:49  Stimpack, Viking x2  
  87  6:51  Siege Tank  
  87  6:54  Supply Depot x2, Orbital Command, SCV  
  95  7:00  SCV  
  95  7:01  Barracks Reactor x2  
  95  7:06  SCV  
  95  7:12  SCV  
  95  7:13  Marine  
  97  7:18  SCV  
  97  7:19  Viking  
  97  7:20  SCV  
  101  7:23  Viking  
  101  7:24  SCV  
  101  7:25  Siege Tank  
  107  7:31  SCV  
  107  7:32  SCV  
  107  7:35  Marine  
  107  7:36  SCV  
  110  7:37  Terran Infantry Weapons Level 1  
  110  7:42  Barracks x2  
  110  7:43  SCV, Refinery x2  
  111  7:44  SCV  
  111  7:47  Marine x4  
  111  7:48  SCV  
  110  7:52  Marine  
  110  7:55  SCV  
  110  7:56  SCV  
  113  7:58  Supply Depot x2  
  113  8:00  SCV  
  113  8:04  Marine  
  113  8:05  Marine x3  
  118  8:07  SCV, Medivac x2  
  118  8:08  SCV  
  118  8:10  Marine  
  125  8:15  Missile Turret  
  125  8:19  Command Center  
  125  8:20  SCV x2  
  125  8:22  Marine x2  
  125  8:23  Siege Tank  
  132  8:29  Combat Shield  
  132  8:32  Barracks Reactor x2  
  133  8:34  SCV x3  
  133  8:36  Marine, Missile Turret  
  133  8:37  Marine x2, Missile Turret  
  138  8:42  Terran Infantry Armor Level 1, Armory  
  138  8:45  Marine x2  
  140  8:54  Marine  
  141  8:56  Medivac  
  141  9:01  Supply Depot  
  141  9:02  Supply Depot, Siege Tank, Marine x2, Medivac  
  148  9:03  Marine  
  149  9:12  Supply Depot, Sensor Tower  
  149  9:19  Supply Depot  
  149  9:20  Supply Depot  
  149  9:22  Marine x8  
  149  9:23  Marine  
  158  9:26  Viking  
  160  9:32  Viking  
  160  9:34  Siege Tank  
  160  9:36  SCV x3  
  168  9:40  Marine x4  
  171  9:48  SCV x3, Marine x2  
  171  9:51  Marine x2  
  178  9:56  Terran Infantry Weapons Level 2  
  178  9:57  Terran Vehicle Weapons Level 1  
  178  9:58  Planetary Fortress  
  178  10:00  Factory  
  178  10:04  Marine, Barracks Reactor  
  178  10:05  Marine  
  178  10:06  Siege Tank  
  183  10:08  Marine x4  
  183  10:10  Medivac x2  
  191  10:16  Marine x2, Sensor Tower  
  193  10:24  SCV x3  
  193  10:25  Refinery x2  
  192  10:38  Siege Tank  
  195  10:50  Missile Turret  
  195  10:51  Terran Infantry Armor Level 2  
  195  10:52  Missile Turret  
  195  10:53  Starport  
  195  10:56  Starport  
  195  11:07  Command Center x2  
  195  11:11  Siege Tank  
  198  11:13  Viking  
  194  11:19  Siege Tank  
  194  11:24  Marine  
  181  11:25  Marine  
  181  11:26  Marine x3  
  181  11:28  Marine  
  181  11:29  Marine x2  
  181  11:32  SCV  
  176  11:37  SCV  
  176  11:38  SCV x2  
  176  11:39  Marine  
  169  11:40  Marine  
  169  11:41  Medivac  
  169  11:43  Siege Tank, Starport Tech Lab x2  
  169  11:44  SCV  
  175  11:50  SCV x3  
  175  11:52  Missile Turret  
  178  11:58  SCV  
  170  12:02  Siege Tank, SCV x3  
  170  12:03  Marine  
  168  12:09  Raven, Viking x2  
  168  12:11  Terran Vehicle Weapons Level 2  
  168  12:15  Siege Tank  
  175  12:17  SCV x2  
  175  12:22  Marine  
  143  12:27  Marine  
  143  12:28  Marine  
  143  12:29  Marine x4  
  137  12:30  Marine  
  137  12:31  Marine  
  137  12:33  Marine  
  137  12:34  Siege Tank  
  137  12:39  Raven  
  137  12:40  Marine  
  140  12:45  Marine  
  140  12:46  Liberator x2  
  140  12:47  Siege Tank  
  150  12:57  Marine x2  
  147  13:00  Marine  
  147  13:04  Marine x2  
  149  13:06  Siege Tank  
  149  13:10  Marine x2  
  154  13:13  Marine  
  154  13:19  SCV  
  156  13:20  SCV  
  149  13:27  Orbital Command  
  149  13:33  Siege Tank  
  150  13:37  Marine x2  
  150  13:38  Marine  
  148  13:43  Marine  
  148  13:46  Marine  
  140  13:57  Siege Tank  
  140  14:08  SCV x3  
  140  14:09  SCV  
  130  14:12  Marine x2  
  130  14:14  Marine x3  
  130  14:15  Marine  
Tags
 
Add a new tag
Caveats
  • Supply blocks, unpowered buildings, or Contaminate may cause inaccurate times.
  • Supply counts are checked every 10 seconds.